 Dungeon Crawl Stone Soup version 0.19-a0-1008-g4c63d25 (webtiles) character file.

15199 Implojin the Grappler (level 11, -6/123 HPs)
             Began as a Troll Fighter on July 21, 2016.
             Mangled by a death yak (8 damage)
             ... on level 6 of the Lair of Beasts.
             The game lasted 00:23:20 (2885 turns).

Implojin the Grappler (Troll Fighter)               Turns: 2885, Time: 00:23:20

Health: -6/123     AC:  7    Str: 26    XL:     11   Next: 98%
Magic:  10/10      EV: 15    Int:  4    God:
Gold:   62         SH: 10    Dex: 12    Spells: 0 memorised, 10 levels left

rFire  . . .     SeeInvis .       - Unarmed
rCold  . . .     Gourm    +     t - +1 robe {MR+}
rNeg   . . .     Faith    .     b - +0 shield
rPois  .         Spirit   .     o - +0 hat {MR+}
rElec  .         Dismiss  .     r - +0 cloak
rCorr  .         Reflect  .     (gloves unavailable)
SustAt .         Harm     .     (boots unavailable)
MR     ++...                    (no amulet)
Stlth  +.........               (no ring)
                                e - +6 ring of evasion

@: very resistant to hostile enchantments, very unstealthy
A: unfitting armour, claws 3, fast metabolism 3, gourmand, regeneration 2,
shaggy fur 1, tough skin 2
a: no special abilities


You were on level 6 of the Lair of Beasts.
You were very full.

You visited 3 branches of the dungeon, and saw 17 of its levels.
You also visited: Ossuary and Ice Cave.

You collected 193 gold pieces.
You spent 131 gold pieces at shops.

Inventory:

Hand Weapons
 c - a +0 falchion of distortion
Missiles
 n - 9 tomahawks (quivered)
 p - 5 silver javelins
Armour
 b - a +0 shield (worn)
 o - a +0 hat of magic resistance (worn)
 r - a +0 cloak (worn)
 t - a +1 robe of magic resistance (worn)
 z - the cursed +6 large shield of Ignorance {rN+ AC+4 Int-6 *Curse}
   (You found it on level 3 of the Lair of Beasts)

   It affects your AC (+4).
   It affects your intelligence (-6).
   It protects you from negative energy.
   It may re-curse itself when equipped.
   It has a curse placed upon it.
Magical Staves
 A - an uncursed staff of conjuration {unknown}
Jewellery
 e - a +6 ring of evasion (left claw)
 w - an uncursed amulet of harm
 B - a +3 ring of intelligence {unknown}
Wands
 f - a wand of iceblast (6/15)
 q - a wand of flame (3/48)
Scrolls
 i - 4 scrolls of remove curse
 j - a scroll of enchant armour {unknown}
 m - 4 scrolls of noise
 x - 2 scrolls of teleportation {unknown}
 y - 2 scrolls of random uselessness
Potions
 h - a potion of flight
 l - a potion of resistance
 u - a potion of magic
Books
 C - a Necronomicon

   Spells                             Type                      Level
   a - Haunt                          Necromancy/Summoning         7
   b - Borgnjor's Revivification      Necromancy                   8
   c - Death's Door                   Charms/Necromancy            8
   d - Infestation                    Necromancy                   8
   e - Necromutation                  Transmutation/Necromancy     8
Comestibles
 a - a beef jerky
 d - 4 bread rations
 g - a chunk of flesh
 k - 2 meat rations
 D - a slice of pizza


   Skills:
 - Level 12.0 Fighting
 - Level 2.4 Dodging
 * Level 5.1 Shields
 - Level 12.3 Unarmed Combat


You had 10 spell levels left.
You didn't know any spells.

Dungeon Overview and Level Annotations

Branches:
Dungeon (10/15)            Temple (1/1) D:6            Lair (6/6) D:8
  Swamp (0/4) Lair:3        Slime (0/5) Lair:6          Orc (0/2) D:10
  Snake: Lair:2-4    Spider: Lair:2-4

Altars:
Cheibriados
Elyvilon
Fedhas
Hepliaklqana
Kikubaaqudgha
Makhleb
Pakellas
Qazlal
Ru
Vehumet
Xom
Yredelemnul
Zin
The Shining One
Jiyva

Shops:
D:5 [   D:10 [


Innate Abilities, Weirdness & Mutations

You are too large for most types of armour.
You have claws for hands.
Your metabolism is lightning-fast.
You like to eat raw meat.
You heal very quickly.
You are covered in fur. (AC +1)
You have very tough skin. (AC +2)


Message History

Okay, then.
You feel better. The blink frog hits you!
* * * LOW HITPOINT WARNING * * *
The blink frog blinks!
You block the blink frog's attack.
Unknown command.
You feel better.
The blink frog gives a loud, deep croak!
The blink frog hits you but does no damage.
The blink frog blinks!
The death yak misses you.
Unknown command.
You claw the death yak!
The death yak is almost dead.
The blink frog blinks!
The death yak closely misses you.
You claw the death yak!
You kill the death yak!
Your Shields skill increases to level 5!
You scratch the death yak but do no damage.
The death yak gores you!!
* * * LOW HITPOINT WARNING * * *
Unknown command.
You scratch the death yak.
The death yak is lightly wounded.
The death yak misses you.
The blink frog blinks!
Unknown command.
You claw the death yak!
The death yak is lightly wounded.
You block the death yak's attack.
You claw the death yak!
The death yak is moderately wounded.
The death yak gores you!
* * * LOW HITPOINT WARNING * * *
Unknown command.
Okay, then.
You mangle the death yak!!
The death yak is heavily wounded.
The blink frog blinks!
You claw the death yak!
The death yak is severely wounded.
The death yak gores you!
You die...

.................##
...............##.#
.......PP#P.##.#÷##
......P#####.#..##
......###.###...#
.....###...#F..##
......P......#..#
...............Y##
P....P......##÷†@#
.....P.#...###§###
#..........###§.#
.......P..#.....#
........F..§...##
................#
......)........##
.#.#.#.#.#.#.#.#
...............#


You could see a death yak and a blink frog.

Vanquished Creatures
  10 death yaks
  2 griffons (Lair:6)
  2 black mambas (Lair:6)
  A gargoyle (D:8)
  3 spiny frogs
  A rime drake (Lair:6)
  A komodo dragon (Lair:6)
  Prince Ribbit (D:9)
  9 blink frogs
  A polar bear (Lair:5)
  7 yaks (Lair:6)
  A basilisk (Lair:3)
  2 hippogriffs
  A hungry ghost (D:9)
  A water moccasin (Lair:6)
  A porcupine (Lair:2)
  2 ice beasts (D:9)
  3 ogres
  2 centaurs (D:9)
  3 crocodiles
  5 giant frogs
  A scorpion (Lair:3)
  3 howler monkeys (D:9)
  A crimson imp (D:8)
  A quasit (D:6)
  4 orc priests
  2 orc wizards (D:4)
  4 iguanas
  A worker ant (D:10)
  10 sheep
  2 big kobold zombies (Ossuary)
  The ghost of Implojin the Shield-Bearer, a weakling MiFi (D:5)
  3 hound zombies (Ossuary)
  4 mummies (Ossuary)
  A worker ant zombie (D:9)
  4 river rats
  4 adders
  A shadow imp (D:7)
  A dart slug (D:1)
  21 orcs
  A giant cockroach (D:4)
  4 goblins (D:1)
  2 hobgoblins
  2 jackals (D:4)
  2 bats (D:1)
  2 giant newts
  A gnoll zombie (Ossuary)
  A goblin zombie (Ossuary)
  A hobgoblin zombie (Ossuary)
  2 jackal zombies (Ossuary)
  A kobold zombie (Ossuary)
  An orc zombie (Ossuary)
  A rat (D:2)
149 creatures vanquished.

Vanquished Creatures (others)
  A plant (Lair:2)
1 creature vanquished.

Grand Total: 150 creatures vanquished

Notes
Turn   | Place    | Note
-------+----------+-------------------------------------------
     0 | D:1      | Implojin the Troll Fighter began the quest for the Orb.
     0 | D:1      | Reached XP level 1. HP: 22/22 MP: 0/0
    78 | D:1      | Reached XP level 2. HP: 29/29 MP: 1/1
   185 | D:2      | Reached skill level 3 in Unarmed Combat
   263 | D:4      | Reached XP level 3. HP: 36/36 MP: 2/2
   337 | D:4      | Reached skill level 4 in Unarmed Combat
   339 | D:4      | Reached XP level 4. HP: 36/44 MP: 3/3
   353 | D:4      | Reached skill level 5 in Unarmed Combat
   387 | D:4      | Found a glowing golden altar of the Shining One.
   418 | D:5      | Entered Level 5 of the Dungeon
   418 | D:5      | Found Gaxih's Antique Armour Boutique.
   418 | D:5      | Noticed an ogre
   428 | D:5      | Killed an ogre
   428 | D:5      | Reached XP level 5. HP: 50/50 MP: 4/4
   466 | D:6      | Found a staircase to the Ecumenical Temple.
   505 | Temple   | Entered the Ecumenical Temple
   576 | D:7      | Noticed a hippogriff
   580 | D:7      | Reached skill level 6 in Unarmed Combat
   586 | D:7      | Killed a hippogriff
   586 | D:7      | Reached XP level 6. HP: 44/59 MP: 5/5
   589 | D:7      | Reached skill level 7 in Unarmed Combat
   691 | D:9      | Reached XP level 7. HP: 62/66 MP: 6/6
   715 | D:9      | Reached skill level 8 in Unarmed Combat
   814 | D:9      | Noticed Prince Ribbit
   817 | D:9      | Reached skill level 9 in Unarmed Combat
   826 | D:9      | Killed Prince Ribbit
   826 | D:9      | Reached XP level 8. HP: 65/74 MP: 7/7
   849 | D:9      | Reached skill level 10 in Unarmed Combat
   870 | D:10     | Entered Level 10 of the Dungeon
   870 | D:10     | Found Jiag's Armour Boutique.
   871 | D:10     | Found a staircase to the Orcish Mines.
  1072 | D:8      | Noticed a gargoyle
  1081 | D:8      | Killed a gargoyle
  1081 | D:8      | Reached skill level 11 in Unarmed Combat
  1138 | D:8      | Found a sand-covered staircase.
  1145 | Ossuary  | Entered an ossuary
  1167 | Ossuary  | Reached XP level 9. HP: 72/80 MP: 8/8
  1368 | D:5      | Bought a glowing hat for 112 gold pieces
  1368 | D:5      | Bought a glowing robe for 19 gold pieces
  1389 | D:5      | Noticed Implojin's ghost (weakling MiFi)
  1395 | D:5      | Killed Implojin's ghost
  1466 | D:8      | Found a staircase to the Lair.
  1472 | Lair:1   | Entered Level 1 of the Lair of Beasts
  1472 | Lair:1   | Noticed a spiny frog
  1493 | Lair:1   | Killed a spiny frog
  1493 | Lair:1   | Reached skill level 12 in Unarmed Combat
  1519 | Lair:1   | Noticed a black mamba
  1550 | Lair:2   | Reached skill level 3 in Fighting
  1572 | Lair:2   | Reached skill level 4 in Fighting
  1573 | Lair:2   | Reached skill level 5 in Fighting
  1645 | Lair:2   | Noticed a spiny frog
  1651 | Lair:2   | Killed a spiny frog
  1651 | Lair:2   | Reached skill level 6 in Fighting
  1656 | Lair:2   | Noticed a four-headed hydra
  1705 | Lair:3   | Reached XP level 10. HP: 100/100 MP: 9/9
  1805 | Lair:4   | Noticed a four-headed hydra
  1824 | Lair:3   | Noticed a spiny frog
  1839 | Lair:3   | Killed a spiny frog
  1849 | Lair:3   | Reached skill level 7 in Fighting
  2014 | Lair:3   | Found a staircase to the Swamp.
  2070 | Lair:3   | Noticed an eight-headed hydra
  2087 | Lair:4   | Noticed a seven-headed hydra
  2108 | Lair:5   | Noticed a death yak
  2111 | Lair:5   | Noticed a death yak
  2114 | Lair:5   | Noticed a death yak
  2133 | Lair:5   | Killed a death yak
  2133 | Lair:5   | Reached skill level 8 in Fighting
  2139 | Lair:5   | Noticed a death yak
  2144 | Lair:5   | Killed a death yak
  2144 | Lair:5   | Reached skill level 9 in Fighting
  2151 | Lair:5   | Killed a death yak
  2184 | Lair:5   | Killed a death yak
  2192 | Lair:5   | Found a frozen archway.
  2259 | IceCv    | Entered an ice cave
  2326 | Lair:5   | Noticed a five-headed hydra
  2332 | Lair:6   | Entered Level 6 of the Lair of Beasts
  2332 | Lair:6   | Noticed a griffon
  2339 | Lair:6   | Killed a griffon
  2339 | Lair:6   | Reached skill level 10 in Fighting
  2339 | Lair:6   | Reached XP level 11. HP: 101/117 MP: 10/10
  2363 | Lair:6   | Noticed a death yak
  2386 | Lair:6   | Killed a death yak
  2495 | Lair:5   | Noticed a five-headed hydra
  2536 | Lair:6   | Noticed a griffon
  2562 | Lair:6   | Killed a griffon
  2562 | Lair:6   | Reached skill level 11 in Fighting
  2575 | Lair:6   | Noticed a death yak
  2576 | Lair:6   | Noticed a death yak
  2592 | Lair:6   | Killed a death yak
  2615 | Lair:6   | Noticed a death yak
  2616 | Lair:6   | Noticed a death yak
  2636 | Lair:6   | Killed a death yak
  2652 | Lair:6   | Killed a death yak
  2658 | Lair:6   | Killed a death yak
  2658 | Lair:6   | Reached skill level 12 in Fighting
  2701 | Lair:6   | Reached skill level 3 in Shields
  2747 | Lair:6   | Reached skill level 4 in Shields
  2778 | Lair:6   | Noticed an eight-headed hydra
  2831 | Lair:6   | Found a staircase to the Slime Pits.
  2831 | Lair:6   | Noticed a death yak
  2832 | Lair:6   | Found a viscous altar of Jiyva.
  2833 | Lair:6   | Noticed a death yak
  2879 | Lair:6   | Killed a death yak
  2879 | Lair:6   | Reached skill level 5 in Shields
  2883 | Lair:6   | HP: 1/123 [death yak (17)]
  2885 | Lair:6   | Mangled by a death yak

Vault maps used:
D:1:      lightli_arrival_quake, serial_bayou_pond_e
D:2:      first_bread, grunt_gozag_breadcrumbs
D:3:      nemelex_altar_shiori, ecumenical_altar_1
D:4:      old_standard_altar, fedhas_altar_4
D:5:      gammafunk_temple_overflow_forgotten, serial_shops,
          nicolae_shop_crystal
D:7:      nicolae_overflow_quartered_altars
D:8:      lair_0_dummy, chequers_ossuary_entry_cave, hangedman_ranch
D:9:      uniq_prince_ribbit1
D:10:     minmay_sliced_demisemicircle, orc_david_3,
          hangedman_abyss_or_decor_clamps
Temple:   dshaligram_water_room_temple
Lair:1:   beast_lair_carwin_large_2, basic_altar, grunt_megastairs_2
Lair:2:   st_stairs_7, serial_bayou_shore_a, grunt_megastairs_5,
          lemuel_fruit_tree
Lair:3:   swamp_mist_pool, dummy_snake_entry, lab_entry_generic
Lair:4:   beast_lair_carwin_5, lemuel_fruit_fields, grunt_megastairs_1
Lair:5:   portal_ice_cave_entry_pillars_1
Lair:6:   grunt_lair_end_beastmaster, slime_altar_1, st_stairs_11
Ossuary:  ossuary_minmay_tomb_2a
IceCv:    ice_cave_tombish

Skill      XL: |  1  2  3  4  5  6  7  8  9 10 11 |
---------------+----------------------------------+-----
Unarmed Combat | 3 4 5 6 7 9 11 12 | 12.3
Fighting       | 6 10 12 | 12.0
Shields        | 5 |  5.1
Dodging        | |  2.4

Action                   |  1- 3 |  4- 6 |  7- 9 | 10-12 || total
-------------------------+-------+-------+-------+-------++-------
Melee: Unarmed           |    53 |    57 |   228 |   234 ||   572
Throw: Tomahawk          |       |       |       |     2 ||     2
Evoke: Wand              |       |       |       |     4 ||     4
  Use: Potion            |       |     1 |     5 |     8 ||    14
       Scroll            |       |       |    10 |     4 ||    14
 Stab: Sleeping          |       |       |     1 |     1 ||     2
       Invisible         |       |       |    10 |       ||    10
  Eat: Chunk             |     6 |     5 |    14 |    10 ||    35
       Bread ration      |       |       |     1 |       ||     1
Armor: Robe              |    46 |    10 |    44 |    15 ||   115
       Skin              |       |       |       |    14 ||    14
Dodge: Dodged            |    35 |    22 |   138 |    61 ||   256
Block: Shield            |    48 |    27 |   103 |    71 ||   249

Table legend:
 A = Turns spent in this place as a percentage of turns spent in the entire game.
 B = Non-inter-level travel turns spent in this place as a percentage of non-inter-level travel turns spent in the entire game.
 C = Inter-level travel turns spent in this place as a percentage of turns spent in this place.
 D = Turns resting spent in this place as a percentage of non-inter-level travel turns spent in this place.
 E = Turns spent auto-exploring this place as a percentage of non-inter-level travel turns spent in this place.
 F = Non-inter-level travel turns spent in this place divided by the number of levels of this place that you've seen.
                   A       B       C       D       E      F
               +-------+-------+-------+-------+-------+----------------------
         Total | 100.0 | 100.0 |   0.0 |   0.1 |   0.0 | 154.5
       Dungeon |  42.1 |  42.1 |   0.0 |   0.0 |   0.0 | 123.7
        Temple |   2.2 |   2.2 |   0.0 |   0.0 |   0.0 |  65.0
          Lair |  50.1 |  50.1 |   0.0 |   0.3 |   0.0 | 244.8
       Ossuary |   5.1 |   5.1 |   0.0 |   0.0 |   0.0 | 149.0
      Ice Cave |   0.5 |   0.5 |   0.0 |   0.0 |   0.0 |  15.0
               +-------+-------+-------+-------+-------+----------------------

Table legend:
 A = Kills in this place as a percentage of kills in entire the game.
 B = Kills by you in this place as a percentage of kills by you in the entire game.
 C = Kills by friends in this place as a percentage of kills by friends in the entire game.
 D = Other kills in this place as a percentage of other kills in the entire game.
 E = Experience gained in this place as a percentage of experience gained in the entire game.
 F = Experience gained in this place divided by the number of levels of this place that you have seen.
                   A       B       C       D       E      F
               +-------+-------+-------+-------+-------+----------------------
         Total | 100.0 | 100.0 |  -nan |  -nan | 100.0 | 1142.8
       Dungeon |  46.3 |  46.3 |  -nan |  -nan |  13.1 | 284.5
          Lair |  43.0 |  43.0 |  -nan |  -nan |  86.0 | 3111.5
       Ossuary |  10.7 |  10.7 |  -nan |  -nan |   0.9 | 199.0
               +-------+-------+-------+-------+-------+----------------------
